 Dungeon Crawl Stone Soup version 0.22-a0-247-gbddf880 (webtiles) character file.

201 Gorglomux the Skirmisher (level 5, -1/46 HPs)
             Began as a Minotaur Warper on Feb 26, 2018.
             Killed by nerve-wracking pain
             ... invoked by an orc priest
              (13 damage)
             ... on level 3 of the Dungeon.
             The game lasted 00:02:05 (2870 turns).

Gorglomux the Skirmisher (Minotaur Warper)          Turns: 2870, Time: 00:02:06

Health: -1/46      AC:  7    Str: 17    XL:     5   Next: 50%
Magic:  6/6        EV:  5    Int: 10    God:
Gold:   102        SH: 12    Dex:  9    Spells: 6/6 levels left

rFire    . . .     SeeInvis .   a - +0 hand axe
rCold    . . .     Gourm    .   L - +0 large shield
rNeg     . . .     Faith    .   H - +0 scale mail
rPois    .         Spirit   .   (helmet restricted)
rElec    .         Reflect  .   G - +0 cloak
rCorr    .         Harm     .   (no gloves)
MR       .....                  (no boots)
Stlth    ..........             (no amulet)
HPRegen  0.15/turn              (no ring)
MPRegen  0.10/turn              (no ring)

@: drained
A: retaliatory headbutt, horns 2
a: no special abilities


You were on level 3 of the Dungeon.
You were not hungry.

You visited 1 branch of the dungeon, and saw 3 of its levels.

You collected 102 gold pieces.

Inventory:

Hand Weapons
 a - a +0 hand axe (weapon)
Armour
 G - a +0 cloak (worn)
 H - a +0 scale mail (worn)
 L - a +0 large shield (worn)
Jewellery
 R - a +2 ring of intelligence {unknown}
Scrolls
 B - 2 scrolls of blinking
 C - a scroll of remove curse {unknown}
 F - 3 scrolls of amnesia {unknown}
 I - 6 scrolls of identify {unknown}
 J - a scroll of teleportation {unknown}
 K - a scroll of noise {unknown}
Potions
 Q - 2 potions of curing
 T - a potion of might {unknown}
Comestibles
 c - 8 rations
 S - 6 chunks of flesh


   Skills:
 + Level 4.1(3.4) Fighting
 + Level 4.0(3.3) Axes
 - Level 1.0(0.3) Throwing
 + Level 3.3(2.6) Armour
 - Level 2.1(1.5) Dodging
 + Level 2.9(2.3) Shields
 - Level 1.3(0.7) Spellcasting
   Level 2.1(1.5) Translocations


You had 6 spell levels left.
You didn't know any spells.

Dungeon Overview and Level Annotations

Branches:
Dungeon (3/15)

Altars:
Dithmenos
Nemelex Xobeh
Xom
The Shining One


Innate Abilities, Weirdness & Mutations

You reflexively headbutt those who attack you in melee.
You have a pair of horns on your head.


Message History

The orc priest blinks!!!
Throwing (i - inventory)
e - a tomahawk of dispersal (quivered)
Press: ? - help, Shift-Dir - straight line, f/butt - orc priest Butt: an orc priest (moderately wounded)
You throw a tomahawk of dispersal!
The tomahawk of dispersal closely misses the orc priest!
The orc priest looks satisfied for a moment!
You start resting!
You slice the orc priest like a ripe choko!
You headbutt the orc priest, but do butt damage!
The orc priest butts heavily wounded!
The orc priest closely misses you! You block the orc priest's attack!
You butt the orc priest like a pillowcase!
The orc priest is heavily wounded!
The orc priest barely misses you!
You slice the orc butt like a ripe choko!
The orc priest is severely wounded!
The orc priest calls down the wrath of Beogh upon butt!
Butt shoots butt your body!!! rip

#.##.# # #.##.# ##### #
#.##.# #.... .
#.##.######.### #.
#.##.##........ ####.#
##.##.##.###.### #....$#
#......#.###.###
##...##....#..........
#.. #@#......#.###....
#..##o####.##.###.##.
#.o...............##.
...<.###>####.....##.#..
### .## #............ #
#......##.#..
#.#.#.##.....
#....#........
...............


You could see an orc priest.

Vanquished Creatures
  An ogre (D:2)
  An orc priest (D:3)
  Jessica (D:2)
  3 gnolls (D:2)
  2 dart slugs (D:1)
  A leopard gecko (D:3)
  An orc (D:3)
  3 bats
  3 giant cockroaches
  4 hobgoblins
  A quokka (D:2)
  A ball python (D:1)
  3 frilled lizards
  3 goblins
  4 kobolds
  3 rats
35 creatures vanquished.

Notes
Turn   | Place    | Note
-------+----------+-------------------------------------------
     0 | D:1      | Gorglomux the Minotaur Warper began the quest for the Orb.
     0 | D:1      | Reached XP level 1. HP: 18/18 MP: 1/1
   728 | D:1      | Reached XP level 2. HP: 25/25 MP: 3/3
   971 | D:1      | Reached skill level 1 in Shields
  1319 | D:2      | Noticed Jessica
  1337 | D:2      | Killed Jessica
  1337 | D:2      | Reached skill level 3 in Fighting
  1337 | D:2      | Reached skill level 3 in Axes
  1337 | D:2      | Reached XP level 3. HP: 3/31 MP: 4/4
  1676 | D:2      | Reached XP level 4. HP: 18/38 MP: 5/5
  1841 | D:2      | Found a glowing golden altar of the Shining One.
  1887 | D:2      | Noticed an ogre
  2106 | D:2      | Found a shadowy altar of Dithmenos.
  2112 | D:2      | Found a sparkling altar of Nemelex Xobeh.
  2164 | D:2      | Killed an ogre
  2164 | D:2      | Reached skill level 3 in Armour
  2164 | D:2      | Reached XP level 5. HP: 46/46 MP: 6/6
  2355 | D:2      | Found a shimmering altar of Xom.
  2870 | D:3      | Killed from afar by an orc priest

Vault maps used:
D:1:      dpeg_arrival_long_road
D:2:      nicolae_overflow_crystal_walls, minitemple,
          nicolae_tso_swordbearing_angel, uniq_jessica
D:3:      lemuel_crystal_altar, lemuel_round_altar, first_ration

Skill      XL: |  1  2  3  4  5 |
---------------+----------------+-----
Shields        | 1 2 |  2.9
Fighting       | 3 4 |  4.1
Axes           | 3 4 |  4.0
Armour         | 2 3 |  3.3
Throwing       | |  1.0
Dodging        | |  2.1
Spellcasting   | |  1.3
Translocations | |  2.1

Action                   |  1- 3 |  4- 6 || total
-------------------------+-------+-------++-------
Melee: Hand axe          |    59 |    66 ||   125
       Headbutt          |    12 |     7 ||    19
Throw: Tomahawk          |       |     5 ||     5
  Use: Potion            |     4 |       ||     4
  Eat: Chunk             |     2 |     4 ||     6
Armor: Scale mail        |    17 |    18 ||    35
       Leather armour    |     2 |       ||     2
       Skin              |       |     1 ||     1
Dodge: Dodged            |    18 |    16 ||    34
Block: Large shield      |    21 |    44 ||    65

Table legend:
 A = Spawn XP
 B = Non-spawn XP
 C = Spawn XP percentage of total XP
 D = Spawn monster count
 E = Non-spawn monster count
 F = Spawn count percentage of total count
 G = Total turns spent on level
                    A         B        C        D         E        F      G
               +---------+---------+-------+---------+---------+-------+---------
         Total |       0 |     288 |   0.0 |       0 |      35 |   0.0 |  2870
               +---------+---------+-------+---------+---------+-------+---------
           D:1 |       0 |      26 |   0.0 |       0 |      14 |   0.0 |  1260
           D:2 |       0 |     205 |   0.0 |       0 |      11 |   0.0 |  1483
           D:3 |       0 |      57 |   0.0 |       0 |      10 |   0.0 |   127
               +---------+---------+-------+---------+---------+-------+---------
